 Dungeon Crawl Stone Soup version 0.24.0-13-gcf9b319 (webtiles) character file.

Game seed: 6379755512639084616, levelgen mode: deterministic

78 Golfball the Skirmisher (level 4, 0/30 HPs)
             Began as a Gargoyle Fighter on Apr 24, 2020.
             Slain by an ogre
             ... wielding a +0 giant club
              (14 damage)
             ... on level 2 of the Dungeon.
             The game lasted 00:05:32 (1859 turns).

Golfball the Skirmisher (Gargoyle Fighter)          Turns: 1859, Time: 00:05:33

Health: 0/30       AC: 13    Str: 20    XL:     4   Next: 36%
Magic:  4/4        EV:  7    Int:  9    God:
Gold:   71         SH:  9    Dex:  9    Spells: 3/3 levels left

rFire    . . .     SeeInvis .   a - +0 flail
rCold    . . .     Gourm    .   c - +0 shield
rNeg     + . .     Faith    .   b - +0 scale mail
rPois    ∞         Spirit   .   (no helmet)
rElec    +         Reflect  .   (no cloak)
rCorr    .         Harm     .   (no gloves)
MR       .....                  t - +2 pair of boots
Stlth    ..........             (no amulet)
HPRegen  0.10/turn              (no ring)
MPRegen  0.09/turn              (no ring)

@: no status effects
A: negative energy resistance 1, electricity resistance, unbreathing,
petrification resistance, rot immunity, AC +3
a: no special abilities


You were on level 2 of the Dungeon.
You were not hungry.

You visited 1 branch of the dungeon, and saw 3 of its levels.

You collected 71 gold pieces.

Inventory:

Hand Weapons
 a - a +0 flail (weapon)
 g - a +0 war axe
Missiles
 e - 113 stones (quivered)
Armour
 b - a +0 scale mail (worn)
 c - a +0 shield (worn)
 t - a +2 pair of boots (worn)
Jewellery
 m - an uncursed amulet of magic regeneration
Scrolls
 j - a scroll of fear {unknown}
 l - a scroll of identify
 p - a scroll of enchant weapon {unknown}
 q - a scroll of teleportation {unknown}
Potions
 d - a potion of might
 h - a potion of lignification
 i - 3 potions of berserk rage
 n - a potion of mutation
 o - 2 potions of ambrosia
 r - a potion of magic
 s - a potion of curing {unknown}
Comestibles
 f - 6 rations
 k - 6 chunks of flesh


   Skills:
 + Level 4.5 Fighting
 + Level 3.4 Maces & Flails
 - Level 3.2 Armour
 - Level 3.2 Shields


You had 3 spell levels left.
You didn't know any spells.
Your spell library was empty.

Dungeon Overview and Level Annotations

Branches:
Dungeon (3/15)

Altars:


Innate Abilities, Weirdness & Mutations

You are resistant to torment.
Your stone body is resilient. (AC +3)
You are immune to poison.
You resist negative energy. (rN+)
You are resistant to electric shocks. (rElec)
You can survive without breathing.
You are immune to petrification.
You are immune to rotting.


Message History

There is a stone staircase leading down here.
You climb downwards.
There is a stone staircase leading up here.
An ooze comes into view.
There is a stone staircase leading up here.
Found 13 gold pieces, a dagger and 26 stones.
You sock the ooze!
The ooze is almost dead.
The ooze hits you but does no damage.
You thump the ooze!
You kill the ooze!
There is a stone staircase leading up here.
The ogre hits you with a +0 giant club!
You climb upwards.
There is a stone staircase leading down here.
You closely miss the ogre. The ogre hits you with a +0 giant club!
You hit the ogre.
The ogre is moderately wounded.
The ogre hits you with a +0 giant club!
You die...

.# ##.#.##############..## (#
#.#.##...............# .#
#........#.#.#.##....# #
.####.#..#.#...#...##.#..########
..)................##.#........##
..#####..#.........##.##.#####.##
..# #÷...........##.##.# #.##
..#####.........O........# #.##
................@...#.#..# #.##
.##..###.#........#.#.#..# #.##
.....###.##.....#.#.#.#..# #.##
.........##...........#..# #.##
###..###.##.#.#.#.#.###..# #.##
#.....#.>#.............# #.##
##.###.##.#.#####.###.######.##
####.###.####.# #.# #..........
..........[...# #.###..........


You could see an ogre.

Vanquished Creatures
  An adder (D:2)
  2 oozes
  2 dart slugs (D:2)
  2 leopard geckos
  An orc (D:3)
  8 bats
  3 giant cockroaches
  3 goblins
  8 hobgoblins
  3 jackals (D:2)
  7 frilled lizards
  5 kobolds
  7 rats
52 creatures vanquished.

Notes
Turn   | Place    | Note
-------+----------+-------------------------------------------
     0 | D:1      | Golfball the Gargoyle Fighter began the quest for the Orb.
     0 | D:1      | Reached XP level 1. HP: 14/14 MP: 1/1
   167 | D:1      | Reached XP level 2. HP: 20/20 MP: 2/2
   928 | D:2      | Reached XP level 3. HP: 21/24 MP: 3/3
   985 | D:2      | Reached skill level 4 in Fighting
  1335 | D:2      | Reached XP level 4. HP: 23/30 MP: 4/4
  1742 | D:3      | Noticed an ogre
  1859 | D:2      | Slain by an ogre

Levels and vault maps discovered:
D:1:      doesnt_arrival_eight_statues, layout_loops_ring, kennysheep_boxes
D:2:      layout_loops_ring
D:3:      layout_loops_cross, first_ration

Skill      XL: |  1  2  3 |
---------------+----------+-----
Fighting       | 4 |  4.5
Maces & Flails | 3 |  3.4
Armour         | |  3.2
Shields        | |  3.2

Action                   |  1- 3 |  4- 6 || total
-------------------------+-------+-------++-------
Melee: Flail             |   159 |    39 ||   198
  Use: Scroll            |     6 |       ||     6
  Eat: Chunk             |     2 |     1 ||     3
Armor: Scale mail        |    73 |    26 ||    99
Dodge: Dodged            |    60 |    16 ||    76
Block: Shield            |    66 |    23 ||    89
